 Dungeon Crawl Stone Soup version 0.25-a0-651-g8c222c7a2b (webtiles) character file.

Game seed: 15581289814453112867, levelgen mode: deterministic

231 Eurus the Conjurer (level 5, 0/35 HPs)
             Began as a Mummy Conjurer on Mar 22, 2020.
             Slain by a worker ant (5 damage)
             ... on level 3 of the Dungeon.
             The game lasted 00:06:19 (3236 turns).

Eurus the Conjurer (Mummy Conjurer)                 Turns: 3236, Time: 00:06:19

Health: 0/35       AC:  3    Str: 11    XL:     5   Next: 72%
Magic:  4/12       EV: 12    Int: 15    God:
Gold:   183        SH:  0    Dex: 13    Spells: 10/13 levels left

rFire    x . .     SeeInvis .   g - +0 dagger
rCold    + . .     Gourm    .   (no shield)
rNeg     + + +     Faith    .   a - +0 robe
rPois    ∞         Spirit   .   (no helmet)
rElec    .         Reflect  .   (no cloak)
rCorr    .         Harm     .   h - +0 pair of gloves
MR       .....                  (no boots)
Stlth    ++........             (no amulet)
HPRegen  0.11/turn              (no ring)
MPRegen  0.13/turn              (no ring)

@: no status effects
A: no food or potions, fire vulnerability, cold resistance 1, negative energy
resistance 3, torment resistance, unbreathing
a: no special abilities


You were on level 3 of the Dungeon.
You were not hungry.

You visited 1 branch of the dungeon, and saw 4 of its levels.

You collected 183 gold pieces.

Inventory:

Hand Weapons
 g - a +0 dagger (weapon)
Armour
 a - a +0 robe (worn)
 h - a +0 pair of gloves (worn)
Jewellery
 b - an uncursed ring of protection from fire {unknown}
 k - an uncursed ring of magical power {unknown}
 o - an uncursed ring of flight {unknown}
Wands
 n - a wand of polymorph (11)
Scrolls
 c - 2 scrolls of enchant weapon {unknown}
 d - a scroll of teleportation {unknown}
 e - 3 scrolls of remove curse {unknown}
 f - 2 scrolls of magic mapping {unknown}
 i - 2 scrolls of amnesia {unknown}
 j - 2 scrolls of identify {unknown}
 l - a scroll of immolation {unknown}
 m - a scroll of random uselessness {unknown}
 p - a scroll of blinking {unknown}


   Skills:
 - Level 1.5 Dodging
 - Level 1.5 Stealth
 + Level 4.7 Spellcasting
 * Level 5.1 Conjurations


You had 10 spell levels left.
You knew the following spells:

 Your Spells              Type           Power        Failure   Level  Hunger
a - Magic Dart            Conj           ###.         1%          1    N/A
b - Searing Ray           Conj           ###...       3%          2    N/A

Your spell library contained the following spells:

 Spells                   Type           Power        Failure   Level  Hunger
 Dazzling Flash           Conj/Hex       ##....       17%         3    N/A
 Fulminant Prism          Conj/Hex       ##........   50%         4    N/A
 Iskenderun's Mystic Bla  Conj/Tloc      ##......     50%         4    N/A

Dungeon Overview and Level Annotations

Branches:
Dungeon (4/15)
 Temple: D:4-7

Altars:
Gozag
Kikubaaqudgha
Zin

Annotations:
D:2 1 exclusion


Innate Abilities, Weirdness & Mutations

You do not eat or drink.
Your flesh is vulnerable to fire.
You are immune to poison.
Your flesh is cold resistant. (rC+)
You are immune to negative energy. (rN+++)
You are immune to unholy pain and torment.
You can survive without breathing.


Message History

An adder comes into view.
The worker ant bites you!
You see here a worker ant corpse.
The adder hisses angrily.
The worker ant barely misses you.
There is a stone staircase leading up here.
The worker ant bites you.
* * * LOW HITPOINT WARNING * * *
The adder bites you.
* * * LOW HITPOINT WARNING * * *
You climb upwards.
There is a stone staircase leading down here.
The worker ant closely misses you.
The worker ant bites you but does no damage.
The worker ant bites you.
* * * LOW HITPOINT WARNING * * *
The worker ant bites you but does no damage.
You see here a whip.
The worker ant bites you.
You die...

#......##..#..#### #...##
#..#........#....# ###..#
...#...##....###.# ###..##
####.....##.)###.########...##
...[...#..#...##..........###
#########...............)#####
######...#######......#
#......#a## #......#
##.####...@### ######## #..#
##.....### #########
#######.##
###.#...####........ #.......#
#..........####### #.#######
#.......########## ..#
##.##..[.####...... #####
#..#####..##.......
....###########.##
#..#....<... ###....!...##...#
#...........


You could see a worker ant.

Vanquished Creatures
  A howler monkey (D:4)
  2 worker ants (D:4)
  4 adders (D:2)
  5 gnolls
  An ooze (D:1)
  2 worms (D:3)
  2 dart slugs (D:1)
  A leopard gecko (D:3)
  7 bats
  4 giant cockroaches
  9 goblins
  3 hobgoblins
  A ball python (D:3)
  6 frilled lizards
  5 kobolds (D:1)
  A quokka skeleton (D:4)
  3 rats
57 creatures vanquished.

Vanquished Creatures (others)
  4 toadstools (D:1)
4 creatures vanquished.

Grand Total: 61 creatures vanquished

Notes
Turn   | Place    | Note
-------+----------+-------------------------------------------
     0 | D:1      | Eurus the Mummy Conjurer began the quest for the Orb.
     0 | D:1      | Reached XP level 1. HP: 13/13 MP: 4/4
   218 | D:1      | Reached XP level 2. HP: 19/19 MP: 0/6
   276 | D:1      | Learned a level 2 spell: Searing Ray
   639 | D:1      | Reached XP level 3. HP: 24/24 MP: 3/7
   984 | D:1      | Reached skill level 4 in Conjurations
  1688 | D:2      | Found an opulent altar of Gozag.
  1795 | D:2      | Reached XP level 4. HP: 26/30 MP: 0/9
  1875 | D:2      | Found an ancient bone altar of Kikubaaqudgha.
  2409 | D:3      | Found a glowing silver altar of Zin.
  2797 | D:3      | Reached XP level 5. HP: 32/35 MP: 3/11
  3205 | D:4      | Reached skill level 5 in Conjurations
  3236 | D:3      | Slain by a worker ant

Levels and vault maps discovered:
D:1:      ldierk_walled_garden_2, layout_loops_ring
D:2:      layout_basic, grunt_gozag_breadcrumbs, lemuel_doored_altar,
          lemuel_flame_loot_1
D:3:      layout_rooms, zin_statuary, first_ration
D:4:      layout_loops_ring, eat_drink_and_be_merry_uskayaw

Skill      XL: |  1  2  3  4  5 |
---------------+----------------+-----
Spellcasting   | 3 4 |  4.7
Conjurations   | 4 5 |  5.1
Dodging        | |  1.5
Stealth        | |  1.5

Action                   |  1- 3 |  4- 6 || total
-------------------------+-------+-------++-------
Melee: Club              |    35 |       ||    35
       Dagger            |       |     6 ||     6
 Cast: Magic Dart        |    48 |    18 ||    66
       Searing Ray       |     4 |    11 ||    15
 Stab: Sleeping          |     1 |     2 ||     3
Armor: Robe              |    18 |     3 ||    21
Dodge: Dodged            |    30 |    20 ||    50

Table legend:
 A = Non-vault XP
 B = Vault XP
 C = Vault XP percentage of total XP
 D = Non-vault monster count
 E = Vault monster count
 F = Vault count percentage of total count
                 A         B        C        D         E       F
            +---------+---------+-------+---------+---------+-------
      Total |     330 |       0 |   0.0 |      57 |       0 |   0.0
            +---------+---------+-------+---------+---------+-------
        D:1 |      63 |       0 |   0.0 |      25 |       0 |   0.0
        D:2 |      67 |       0 |   0.0 |      14 |       0 |   0.0
        D:3 |      78 |       0 |   0.0 |      14 |       0 |   0.0
        D:4 |     122 |       0 |   0.0 |       4 |       0 |   0.0
            +---------+---------+-------+---------+---------+-------
